 Dungeon Crawl Stone Soup version 0.30-b1-2-g02819fbbbe (webtiles) character file.

Game seed: 2774802581636189399

126 Mesmaeker13 the Shooter (level 5, -2/61 HPs)
             Began as a Barachi Hunter on May 8, 2023.
             Succumbed to a kobold brigand's poison
             ... on level 3 of the Dungeon.
             The game lasted 00:03:02 (2101 turns).

Mesmaeker13 the Shooter (Barachi Hunter)            Turns: 2101, Time: 00:03:03

Health: -2/61      AC: 26    Str: 12    XL:     5   Next: 9%
Magic:  14/14      EV:  2    Int:  9    God:
Gold:   160        SH:  0    Dex: 21    Spells: 4/4 levels left

rFire   + . .        p - +2 long sword (heavy)
rCold   + + .        (no shield)
rNeg    . . .        c - melded +0 leather armour
rPois   +            (helmet currently unavailable)
rElec   +            (cloak currently unavailable)
rCorr   +            (gloves currently unavailable)
SInv    .            (boots currently unavailable)
Will    .....        d - amulet of guardian spirit
Stlth   ++           i - +4 ring of protection
HPRegen 0.30/turn    n - ring "Turayj" {rElec rC+ MP+9 Dex+3}
MPRegen 0.14/turn

%: guardian spirit
@: mighty, lethally poisoned (-2 -> -12), tree-form, resistant
A: stationary, stasis, torment immunity, boosted hp, (amphibious), (slowness 1),
(strong legs 1), +LOS
a: no special abilities


You were on level 3 of the Dungeon.
You were a tree.
You visited 1 branch of the dungeon, and saw 3 of its levels.

You collected 160 gold pieces.

Inventory:

Hand Weapons
 a - a +0 shortbow
 o - a +0 sling of flaming
 p - a +2 heavy long sword (weapon)
Armour
 c - a +0 leather armour (melded)
 f - a +0 chain mail
Jewellery
 d - an amulet of guardian spirit (around neck)
 i - a +4 ring of protection (left branch)
 n - the ring "Turayj" (right branch) {rElec rC+ MP+9 Dex+3}
   (You found it on level 3 of the Dungeon)

   [ring of magical power]

   Dex:       It affects your dexterity (+3).
   rC:        It protects you from cold.
   rElec:     It insulates you from electricity.
   MP:        It affects your magic capacity (+9).
Wands
 m - a wand of flame (20)
Scrolls
 b - a scroll of immolation
 l - a scroll of magic mapping
Potions
 e - 3 potions of brilliance
 h - a potion of haste {unknown}
 j - 3 potions of flight
 q - a potion of attraction {unknown}


   Skills:
 + Level 3.6 Fighting
 * Level 5.3 Ranged Weapons
 + Level 3.2 Dodging
 - Level 0.8 Stealth


You had 4 spell levels left.
You didn't know any spells.
Your spell library contained the following spells:

 Spells                   Type           Power      Damage    Failure   Level
 Beastly Appendage        Tmut           0%         N/A       38%         1
 Call Canine Familiar     Summ           0%         N/A       77%         3
 Frozen Ramparts          Ice            0%         1d1       77%         3
 Portal Projectile        Hex/Tloc       0%         N/A       77%         3
 Ice Form                 Ice/Tmut       0%         N/A       99%         4
 Leda's Liquefaction      Hex/Erth       0%         N/A       99%         4
 Summon Ice Beast         Ice/Summ       0%         N/A       99%         4


Dungeon Overview and Level Annotations

Branches:
Dungeon (3/15)

Altars:
Wu Jian

Annotations:
D:2 Sigmund


Innate Abilities, Weirdness & Mutations

You are a tree.
Your roots penetrate the ground, keeping you stationary.
You cannot be teleported.
You are immune to unholy pain and torment.
Your maximum health is greatly increased.
Your equipment is partially melded.
((You are amphibious.))
((You cover ground slowly.))
((You can hop short distances.))
You have an extended range of vision and can be seen from far away.


Message History

p - a +2 heavy long sword (weapon)
You feel sick.
The kobold brigand throws a poisoned dart.
The poisoned dart closely misses you.
Found 14 gold pieces.
You feel very sick.
The kobold brigand hits you with a +2 dagger of venom.
You are more poisoned.
You slash the kobold brigand!
The kobold brigand is severely wounded.
You feel extremely sick.
The kobold brigand hits you but does no damage.
You are lethally poisoned!
The kobold brigand misses you.
You slash the kobold brigand!
The kobold brigand is almost dead.
You feel extremely sick. The kobold brigand closely misses you.
The kobold brigand barely misses you.
You closely miss the kobold brigand.
The kobold brigand is almost dead.
* * * LOW HITPOINT WARNING * * *
You feel very sick.
The kobold brigand hits you but does no damage.
You are more poisoned.
The kobold brigand closely misses you.
It was a potion of resistance.
You feel protected.
* * * LOW HITPOINT WARNING * * *
You feel very sick. The kobold brigand closely misses you.
It was a potion of lignification.
You turn into a tree.
Your +0 leather armour melds into your body.
Your roots penetrate the ground.
* * * LOW HITPOINT WARNING * * *
You feel very sick. The kobold brigand barely misses you.
Okay, then.
You slash the kobold brigand!
You kill the kobold brigand!
You die...

######
##~~##..#...####..#.#
#~~#..####.# #...^.
#~##..#....# #..... #
#..####### #.####
#..#~# #.# #..#~##
#.# #..#~~###
###.#### ######
##..#~~~.###.......
...#.###
#.♣##≈~~.##......##
......)###
#.)#≈≈≈~.##......##
..#..##..##
#..##≈~~...........
.#..#)###.#
##..#~~~.###....###
)..#.#.#### #..##~#.#
#.#.## #.....###
##..#~#.# #.#.####
.)..###.######
..#...# #.......
.÷#....#(##..#
[$##### ###'####
..)#.#######.# $$#
##...##


There were no monsters in sight!

Vanquished Creatures
  A kobold brigand (D:3)
  3 adders
  4 dart slugs
  3 orcs (D:3)
  10 endoplasms
  2 giant cockroaches
  5 goblins
  4 hobgoblins
  11 jackals
  13 kobolds
  6 quokkas
  8 ball pythons
  4 bats
  2 frilled lizards
  4 rats
80 creatures vanquished.

Notes
Turn   | Place    | Note
-------+----------+-------------------------------------------
     0 | D:1      | Mesmaeker13 the Barachi Hunter began the quest for the Orb.
     0 | D:1      | Reached XP level 1. HP: 17/17 MP: 1/1
    60 | D:1      | Reached XP level 2. HP: 12/23 MP: 2/2
   338 | D:1      | Reached XP level 3. HP: 28/28 MP: 3/3
   879 | D:2      | Reached XP level 4. HP: 35/35 MP: 4/4
   959 | D:2      | Found an ornate altar of the Wu Jian Council.
  1022 | D:2      | Noticed Sigmund
  1330 | D:3      | Reached skill level 5 in Ranged Weapons
  1371 | D:3      | Identified the ring "Turayj" {rElec rC+ MP+9 Dex+3}
  1777 | D:3      | Reached XP level 5. HP: 41/41 MP: 5/5
  1792 | D:3      | Found a faded altar of an unknown god.
  1797 | D:3      | Got Plato's Handbook of Modification
  2086 | D:3      | Noticed a kobold brigand
  2100 | D:3      | HP: 3/61 [poisoned by a kobold brigand]
  2101 | D:3      | Killed a kobold brigand
  2101 | D:3      | Succumbed to a kobold brigand's poison

Illustrated notes

Levels and vault maps discovered:
D:1:      scummos_arrival_checkerplants, layout_basic, chequers_garden,
          bh_walls_and_bars
D:2:      layout_basic, basic_altar, amcnicky_mini_corridor_feature,
          dreamdust_wishing_well, uniq_sigmund
D:3:      cheibrodos_thug_alley, layout_loops_corners,
          shapermc_ecumenical_altar_rom_forum, minmay_increasing_density

Skill      XL: |  1  2  3  4 |
---------------+-------------+-----
Fighting       | 3 |  3.6
Dodging        | 3 |  3.2
Ranged Weapons | 5 |  5.3
Stealth        | |  0.8

Action                     |  1- 3 |  4- 6 || total
---------------------------+-------+-------++-------
  Melee: Long sword        |       |     4 ||     4
   Fire: Shortbow          |    81 |   100 ||   181
Ability: Hop               |       |     1 ||     1
  Evoke: Wand              |       |     2 ||     2
    Use: Scroll            |     2 |     1 ||     3
         Potion            |       |     3 ||     3
 Armour: Leather armour    |    13 |    12 ||    25
  Dodge: Dodged            |    31 |    25 ||    56
